 Dungeon Crawl Stone Soup version 0.30-a0-939-gc8157cb160 (webtiles) character file.

Game seed: 8022211354339765027

1159 cheesebisquit the Frost Mage (level 8, -3/52 HPs)
             Began as a Merfolk Ice Elementalist on Mar 25, 2023.
             Was an Initiate of Vehumet.
             Slain by an orc warrior
             ... wielding a +0 halberd
              (14 damage)
             ... on level 6 of the Dungeon.
             The game lasted 00:22:14 (6417 turns).

cheesebisquit the Frost Mage (MfIE)                 Turns: 6417, Time: 00:22:14

Health: -3/52      AC: 10    Str:  8    XL:     8   Next: 39%
Magic:  11/16      EV: 12    Int: 16    God:    Vehumet [......]
Gold:   259        SH:  0    Dex: 15    Spells: 10/17 levels left

rFire   . . .      SeeInvis .    i - +1 long sword (flame)
rCold   . . .      Faith    .    (no shield)
rNeg    + . .      Spirit   .    m - +1 leather armour {rN+}
rPois   .          Reflect  .    (no helmet)
rElec   .          Rampage  .    f - +0 cloak
rCorr   .                        w - +0 pair of gloves
Will    +....                    (no boots)
Stlth   ++                       (no amulet)
HPRegen 0.28/turn                j - +4 ring of protection
MPRegen 0.15/turn                o - ring of willpower

@: brilliant
A: (nimble swimmer 2), mertail
a: Renounce Religion


You were on level 6 of the Dungeon.
You worshipped Vehumet.
Vehumet was noncommittal.
You visited 2 branches of the dungeon, and saw 7 of its levels.

You collected 259 gold pieces.

Inventory:

Hand Weapons
 i - a +1 long sword of flaming (weapon)
Missiles
 a - 4 poisoned darts
Armour
 f - a +0 cloak (worn)
 m - a +1 leather armour of positive energy (worn)
 w - a +0 pair of gloves (worn)
 A - a +0 buckler
Jewellery
 j - a +4 ring of protection (left hand)
 o - a ring of willpower (right hand)
 B - a ring of wizardry
Wands
 x - a wand of flame (25)
Scrolls
 c - 2 scrolls of vulnerability
 e - 4 scrolls of enchant weapon {unknown}
 g - a scroll of amnesia {unknown}
 k - a scroll of magic mapping {unknown}
 n - a scroll of poison {unknown}
 q - 3 scrolls of teleportation
 u - a scroll of blinking {unknown}
 v - a scroll of enchant armour {unknown}
 y - a scroll of immolation {unknown}
 z - 3 scrolls of noise {unknown}
Potions
 b - 2 potions of attraction
 d - 2 potions of cancellation
 h - a potion of heal wounds {unknown}
 l - a potion of mutation
 r - a potion of flight {unknown}
 s - 2 potions of berserk rage
 t - 2 potions of might {unknown}


   Skills:
 - Level 2.6 Dodging
 - Level 2.1 Stealth
 + Level 5.4 Spellcasting
 * Level 9.8 Ice Magic


You had 10 spell levels left.
You knew the following spells:

 Your Spells              Type           Power      Damage    Failure   Level
a - Freeze                Ice            100%       1d10      1%          1
b - Frozen Ramparts       Ice            100%       1d16      1%          3
c - Ozocubu's Armour      Ice            52%        N/A       1%          3

Your spell library contained the following spells:

 Spells                   Type           Power      Damage    Failure   Level
 Summon Ice Beast         Ice/Summ       30%        N/A       28%         4
 Blink                    Tloc           12%        N/A       32%         2
 Cigotuvi's Dreadful Rot  Necr/Pois/Air  12%        N/A       32%         2
 Lesser Beckoning         Tloc           12%        N/A       32%         2
 Momentum Strike          Conj/Tloc      12%        3d8       32%         2
 Static Discharge         Conj/Air       12%        2-3/arc   32%         2
 Vhi's Electric Charge    Tloc/Air       12%        N/A       54%         3
 Dispel Undead            Necr           6%         3d8       91%         4
 Arcjolt                  Conj/Air       3%         1d13      99%         5
 Fireball                 Conj/Fire      3%         3d4       99%         5
 Iskenderun's Battlesphe  Conj           6%         2d6       99%         5
 Plasma Beam              Fire/Air       3%         2x1d14    99%         5
 Conjure Ball Lightning   Conj/Air       3%         3x3d6     100%        6
 Death Channel            Necr           3%         N/A       100%        6
 Orb of Destruction       Conj           3%         9d5       100%        7


Dungeon Overview and Level Annotations

Branches:
Dungeon (6/15)             Temple (1/1) D:5

Altars:
Ashenzari
Cheibriados
Dithmenos
Elyvilon
Fedhas
Gozag
Hepliaklqana
Kikubaaqudgha
Nemelex Xobeh
Okawaru
Qazlal
Ru
Sif Muna
Vehumet
Wu Jian

Shops:
D:2 [

Annotations:
D:4 1 runed translucent door, deadpool521's ghost, novice MiFi


Innate Abilities, Weirdness & Mutations

((You are very nimble when in or above water. (Stealth+, EV+, Speed+++)))
Your lower body shifts to a powerful aquatic tail in water.


Message History

The orc priest looks braver for a moment.
The teleport trap disappears.
The orc disappears!
The orc priest begins to cast a cantrip, but forgets the words!
You freeze the hound.
The hound is moderately wounded.
The hound misses you. The hound closely misses you.
The orc warrior hits you from afar with a +0 halberd!
You freeze the hound.
The hound is severely wounded.
The hound bites you.
The orc warrior hits you from afar with a +0 halberd.
You freeze the hound!
You kill the hound!
Vehumet accepts your kill.
The orc warrior hits you from afar with a +0 halberd.
You freeze the orc priest!
The orc priest is heavily wounded.
The orc priest calls down the wrath of Beogh upon you.
Beogh smites you!
The orc warrior hits you from afar with a +0 halberd!
* * * LOW HITPOINT WARNING * * *
The orc priest calls down the wrath of Beogh upon you.
Pain shoots through your body!
* * * LOW HITPOINT WARNING * * *
You feel clever all of a sudden.
Items here: )) [[ †.
Things that are here:
a +0 flail; an orc corpse
Aiming: Freeze (safe; 1% risk of failure)
Press: ? - help, Q - select action, (/) - cycle Shift-Dir - straight line, p - orc priest You feel a surge of power!
There's nothing close enough!
Aiming: Freeze (safe; 1% risk of failure)
Press: ? - help, Q - select action, (/) - cycle Shift-Dir - straight line You feel a surge of power!
There's nothing close enough!
The orc warrior closely misses you.
Aiming: Freeze (safe; 1% risk of failure)
Press: ? - help, Q - select action, (/) - cycle Shift-Dir - straight line You feel a surge of power!
There's nothing close enough!
The orc warrior hits you from afar with a +0 halberd!
You die...

##################
#.................
#@################
#.#...............
#o#.#############. .
#o#.#.......<..##.
..##############o#...#####....##.
.........o.o.o...#.#.# #....##.
.......#########.#...# #....##.
...###..# #.###.# #....##. ..
#..# #..##############.


You could see an orc warrior, an orc priest and an orc.

Vanquished Creatures
  An ice beast (D:4)
  A black bear (D:5)
  2 ogres (D:5)
  A centaur (D:5)
  3 scorpions
  A howler monkey (D:5)
  3 hounds
  Crazy Yiuf (D:3)
  4 iguanas
  2 sleepcaps (D:5)
  Ijyb (D:3)
  3 orc wizards
  3 adders
  2 ufetubi (D:5)
  3 dart slugs
  3 worms
  14 orcs
  3 endoplasms (D:1)
  5 giant cockroaches
  8 goblins
  5 hobgoblins
  4 jackals (D:3)
  4 quokkas (D:4)
  9 ball pythons
  5 bats
  4 frilled lizards
  8 kobolds
  6 rats
  5 bushes (Temple)
114 creatures vanquished.

Vanquished Creatures (others)
  19 plants (Temple)
19 creatures vanquished.

Grand Total: 133 creatures vanquished

Notes
Turn   | Place    | Note
-------+----------+-------------------------------------------
     0 | D:1      | cheesebisquit the Merfolk Ice Elementalist began the quest
                  | for the Orb.
     0 | D:1      | Reached XP level 1. HP: 13/13 MP: 3/3
   170 | D:1      | Reached XP level 2. HP: 19/19 MP: 3/5
   469 | D:1      | Reached skill level 5 in Ice Magic
   480 | D:1      | Reached XP level 3. HP: 24/24 MP: 0/6
  1378 | D:2      | Found Gib Loke's Antique Armour Emporium.
  1921 | D:3      | Learned a level 3 spell: Frozen Ramparts
  1925 | D:3      | Learned a level 3 spell: Ozocubu's Armour
  1947 | D:3      | Reached XP level 4. HP: 23/30 MP: 1/8
  2026 | D:3      | Noticed Ijyb
  2036 | D:3      | Killed Ijyb
  2037 | D:3      | Reached skill level 6 in Ice Magic
  2110 | D:3      | Reached XP level 5. HP: 28/35 MP: 3/9
  2199 | D:3      | Found a shimmering blue altar of Sif Muna.
  2217 | D:3      | Found a faded altar of an unknown god.
  2929 | D:3      | Found a runed translucent door.
  2930 | D:3      | Noticed Crazy Yiuf
  2937 | D:3      | Killed Crazy Yiuf
  3040 | D:3      | Identified the +7 hammer "Quicli" {venom, Str+4}
  3077 | D:4      | Reached XP level 6. HP: 37/41 MP: 4/11
  3143 | D:4      | Found a broken altar of Ashenzari.
  3180 | D:4      | Reached skill level 7 in Ice Magic
  3289 | D:4      | Noticed an ice beast
  3332 | D:4      | Killed an ice beast
  3680 | D:4      | Identified the +5 chain mail "Rues" {rPois Dex+3}
  3844 | D:4      | Found a runed translucent door.
  3845 | D:4      | Noticed deadpool521's ghost (novice MiFi)
  3883 | D:4      | Reached XP level 7. HP: 46/46 MP: 7/13
  3955 | D:4      | Reached skill level 8 in Ice Magic
  4219 | D:5      | Entered Level 5 of the Dungeon
  4386 | D:5      | Found a staircase to the Ecumenical Temple.
  4405 | Temple   | Entered the Ecumenical Temple
  5099 | Temple   | Became a worshipper of Vehumet
  5186 | D:5      | Reached skill level 5 in Spellcasting
  5186 | D:5      | Reached skill level 9 in Ice Magic
  5186 | D:5      | Reached XP level 8. HP: 17/52 MP: 11/15
  5641 | D:5      | Found an iron altar of Okawaru.
  5833 | D:5      | Found a shadowy altar of Dithmenos.
  5838 | D:5      | Found a sparkling altar of Nemelex Xobeh.
  6417 | D:6      | Slain by an orc warrior

Illustrated notes

Levels and vault maps discovered:
D:1:      onia_arrival_handbag, layout_rooms, minmay_pentomino_v4
D:2:      layout_basic, serial_shops, nicolae_shop_statue_plus,
          minmay_misc_feat_room
D:3:      layout_loops_ring, overflow_temple_1_default,
          shapermc_ecumenical_altar_pompeii, ebering_dispersal_statue_hall,
          uniq_ijyb, uniq_crazy_yiuf_cottage
D:4:      minmay_evil_eye, layout_basic, pf_just_have_faith,
          hellmonk_ghost_happy_afterlife
D:5:      layout_cave_pods, amcnicky_altar_gilded, minitemple,
          minmay_temple_entry_slanted
D:6:      layout_basic, kennysheep_mini_moat, minmay_misc_feat_tiny,
          chequers_serial_rivers_micro_c, uniq_prince_ribbit1
Temple:   cyrus_temple_forest

Skill      XL: |  1  2  3  4  5  6  7 |
---------------+----------------------+-----
Ice Magic      | 5 6 7 9 |  9.8
Spellcasting   | 3 4 5 |  5.4
Dodging        | |  2.6
Stealth        | |  2.1

Action                     |  1- 3 |  4- 6 |  7- 9 || total
---------------------------+-------+-------+-------++-------
  Melee: Unarmed           |    40 |       |       ||    40
         Long sword        |     4 |    21 |   308 ||   333
         Punch             |       |       |    10 ||    10
   Cast: Freeze            |    68 |    91 |    84 ||   243
    Use: Potion            |     1 |     1 |     1 ||     3
         Scroll            |       |     6 |     1 ||     7
 Armour: Robe              |    26 |    11 |       ||    37
         Leather armour    |       |    33 |    30 ||    63
  Dodge: Dodged            |    62 |    70 |    47 ||   179

Table legend: (Time is in decaauts)
 A = Elapsed time spent in this place.
 B = Non-inter-level travel time spent in this place.
 C = Inter-level travel time spent in this place.
 D = Time resting spent in this place.
 E = Time spent auto-exploring this place.
 F = Levels seen in this place.
 G = Mean time per level.
                   A        B        C        D        E       F      G
               +--------+--------+--------+--------+--------+-----+--------+
         Total |   6546 |   6112 |    434 |    187 |   4245 |   7 |  935.1 |
       Dungeon |   5695 |   5305 |    390 |    187 |   4151 |   6 |  949.2 |
        Temple |    850 |    806 |     44 |      0 |     94 |   1 |  850.0 |
               +--------+--------+--------+--------+--------+-----+--------+

Top non-repeatable levels by time:
     D:5: 1171 daAuts
     D:1: 1140 daAuts
     D:4: 1132 daAuts
     D:3: 1130 daAuts
     D:2: 884 daAuts
  Temple: 850 daAuts
     D:6: 236 daAuts
